 Dungeon Crawl Stone Soup version 0.24-a0-479-g9a978d2894 (webtiles) character file.

Game seed: 1633852009226286000

955 StrawberryEater the Digger (level 8, -1/43 HPs)
             Began as a Gargoyle Earth Elementalist on July 7, 2019.
             Slain by Pikel
             ... wielding a +0 whip of flaming
              (6 damage)
             ... on level 5 of the Dungeon.
             The game lasted 00:11:08 (5167 turns).

StrawberryEater the Digger (GrEE)                   Turns: 5167, Time: 00:11:09

Health: -1/43      AC:  9    Str: 13    XL:     8   Next: 14%
Magic:  11/15      EV: 12    Int: 17    God:
Gold:   245        SH:  5    Dex: 10    Spells: 7/16 levels left

rFire    . . .     SeeInvis .   i - +2 trident (venom)
rCold    . . .     Gourm    .   (no shield)
rNeg     + . .     Faith    .   c - +0 robe
rPois    ∞         Spirit   .   k - +1 helmet
rElec    +         Reflect  +   (no cloak)
rCorr    .         Harm     .   (no gloves)
MR       .....                  (no boots)
Stlth    ++........             f - +5 amulet of reflection
HPRegen  0.14/turn              (no ring)
MPRegen  0.14/turn              (no ring)

@: no status effects
A: negative energy resistance 1, electricity resistance, unbreathing,
petrification resistance, rot immunity, AC +5
a: no special abilities


You were on level 5 of the Dungeon.
You were very hungry.

You visited 1 branch of the dungeon, and saw 5 of its levels.

You collected 245 gold pieces.

Inventory:

Hand Weapons
 g - a +1 short sword of speed
 i - a +2 trident of venom (weapon)
 m - a +0 flail
 t - a +0 dire flail of holy wrath
Missiles
 b - 109 stones (quivered)
Armour
 c - a +0 robe (worn)
 k - a +1 helmet (worn)
Jewellery
 f - a +5 amulet of reflection (around neck)
Wands
 p - a wand of digging (11)
Scrolls
 h - 4 scrolls of remove curse
 j - 3 scrolls of teleportation
Potions
 e - a potion of lignification
 l - a potion of cancellation
 n - a potion of haste
 o - a potion of curing {unknown}
 r - a potion of mutation {unknown}
 s - a potion of heal wounds {unknown}
Comestibles
 d - 8 rations


   Skills:
 + Level 1.6 Fighting
 + Level 1.4 Maces & Flails
 + Level 1.5 Armour
 + Level 2.1 Dodging
 - Level 2.1 Stealth
 + Level 4.7 Spellcasting
 + Level 4.4 Conjurations
   Level 0.7 Transmutations
 + Level 6.9 Earth Magic
 + Level 1.3 Evocations


You had 7 spell levels left.
You knew the following spells:

 Your Spells              Type           Power        Failure   Level  Hunger
a - Sandblast             Erth           ####..       1%          1    None
b - Stone Arrow           Conj/Erth      ###...       4%          3    ###....
c - Lee's Rapid Deconstr  Erth           ####......   24%         5    ######.

Your spell library contained the following spells:

 Spells                   Type           Power        Failure   Level  Hunger
 Passwall                 Tmut/Erth      ###.....     4%          2    #......
 Petrify                  Tmut/Erth      ###.....     30%         4    ####...


Dungeon Overview and Level Annotations

Branches:
Dungeon (5/15)
 Temple: D:4-7

Altars:
Ashenzari
Dithmenos
Gozag
Makhleb
Trog
Yredelemnul
Zin

Annotations:
D:5 Pikel


Innate Abilities, Weirdness & Mutations

You are resistant to torment.
Your stone body is resilient. (AC +5)
You are immune to poison.
You resist negative energy. (rN+)
You are resistant to electric shocks. (rElec)
You can survive without breathing.
You are immune to petrification.
You are immune to rotting.


Message History

Casting: Sandblast (safe; 1% risk of failure)
Confirm with . or Enter, or press ? or * to list all spells.
Aiming: Sandblast (safe; 1% risk of failure)
Press: ? - help, Shift-Dir - straight line, f/p - Pikel
Aim: Pikel, wielding a +0 whip of flaming, wearing a +0 robe and carrying a wand of iceblast (7) (severely wounded)
The blast of sand misses Pikel.
The blast of sand hits the adder.
You kill the adder!
b - 110 stones Pikel barely misses you.
Unknown command.
Casting: Sandblast (safe; 1% risk of failure)
Confirm with . or Enter, or press ? or * to list all spells.
Aiming: Sandblast (safe; 1% risk of failure)
Press: ? - help, Shift-Dir - straight line, f/p - Pikel
Aim: Pikel, wielding a +0 whip of flaming, wearing a +0 robe and carrying a wand of iceblast (7) (severely wounded)
The blast of sand hits Pikel!
Pikel is almost dead.
b - 109 stones Pikel hits you with a +0 whip of flaming.
You die...

######### #....%... #........
######################...>....
##..............@Kpp.p........
...###################(<......
..))..####### #(.......
###.).......# #ch......
#.........#### #.†p......
#..........<.#####....###.##
######...............#.S #
##..###............... ...
#.)...##.#.........### ##..


You could see Pikel and 3 slaves.

Vanquished Creatures
  Edmund (D:5)
  A slave (D:5)
  A phantom (D:4)
  A sky beast (D:5)
  A centaur (D:5)
  2 scorpions
  A gnoll shaman (D:5)
  3 orc priests (D:3)
  A hound (D:4)
  3 orc wizards
  A worker ant (D:4)
  A worker ant zombie (D:3)
  3 gnolls (D:5)
  9 adders
  An ooze (D:2)
  2 worms
  3 dart slugs
  3 leopard geckos
  11 orcs
  5 giant cockroaches
  11 goblins
  5 hobgoblins
  11 jackals
  2 ball pythons
  6 bats
  3 frilled lizards
  2 gnoll zombies (D:2)
  8 kobolds
  8 rats
110 creatures vanquished.

Notes
Turn   | Place    | Note
-------+----------+-------------------------------------------
     0 | D:1      | StrawberryEater the Gargoyle Earth Elementalist began the
                  | quest for the Orb.
     0 | D:1      | Reached XP level 1. HP: 10/10 MP: 3/3
   389 | D:1      | Reached XP level 2. HP: 14/15 MP: 5/5
   404 | D:1      | Reached skill level 4 in Earth Magic
   827 | D:1      | Reached XP level 3. HP: 5/19 MP: 5/7
  1104 | D:1      | Learned a level 3 spell: Stone Arrow
  1474 | D:2      | Found an opulent altar of Gozag.
  1716 | D:2      | Reached XP level 4. HP: 23/24 MP: 8/8
  1774 | D:2      | Reached skill level 1 in Conjurations
  2543 | D:2      | Found a basalt altar of Yredelemnul.
  2809 | D:3      | Reached skill level 5 in Earth Magic
  2846 | D:3      | Reached XP level 5. HP: 26/28 MP: 5/10
  3134 | D:3      | Reached XP level 6. HP: 27/32 MP: 6/11
  3286 | D:3      | Found a shattered altar of Ashenzari.
  3349 | D:3      | Found a faded altar of an unknown god.
  3527 | D:4      | Learned a level 5 spell: Lee's Rapid Deconstruction
  3533 | D:4      | Noticed a phantom
  3544 | D:4      | Killed a phantom
  3544 | D:4      | Reached skill level 6 in Earth Magic
  3609 | D:4      | Found a glowing silver altar of Zin.
  3704 | D:4      | Reached XP level 7. HP: 21/36 MP: 13/13
  4126 | D:4      | Found a bloodstained altar of Trog.
  4315 | D:4      | Found a burning altar of Makhleb.
  4534 | D:5      | Entered Level 5 of the Dungeon
  4729 | D:5      | Reached skill level 1 in Fighting
  4729 | D:5      | Reached skill level 1 in Armour
  4839 | D:5      | Found a shadowy altar of Dithmenos.
  4859 | D:5      | Noticed Edmund
  4876 | D:5      | Reached skill level 1 in Maces & Flails
  4893 | D:5      | Killed Edmund
  4893 | D:5      | Reached skill level 1 in Evocations
  4893 | D:5      | Reached XP level 8. HP: 12/43 MP: 12/15
  5144 | D:5      | Noticed Pikel
  5167 | D:5      | Slain by Pikel

Levels and vault maps discovered:
D:1:      dpeg_arrival_boxorama, layout_rooms
D:2:      layout_loops_ring, nicolae_gozag_cash_rules_everything_around_me,
          lemuel_zombie_altar_yredelemnul, bh_walls_and_bars
D:3:      layout_basic, nicolae_overflow_hidden_temple,
          chequers_ecumenical_altar_simple_redux, kennysheep_generic_room_4
D:4:      layout_basic, makhleb_heckhound_becter, kennysheep_mini, bloody_trog,
          first_ration
D:5:      layout_rooms, nicolae_dithmenos_through_a_glass_darkly,
          lemuel_round_altar, uniq_pikel, uniq_edmund

Skill      XL: |  1  2  3  4  5  6  7 |
---------------+----------------------+-----
Earth Magic    | 4 5 6 |  6.9
Spellcasting   | 3 4 |  4.7
Conjurations   | 2 3 4 |  4.4
Fighting       | 1 |  1.6
Armour         | 1 |  1.5
Maces & Flails | 1 |  1.4
Dodging        | 2 |  2.1
Evocations     | 1 |  1.3
Stealth        | |  2.1
Transmutations | |  0.7

Action                   |  1- 3 |  4- 6 |  7- 9 || total
-------------------------+-------+-------+-------++-------
Melee: Dagger            |   160 |    39 |       ||   199
       Unarmed           |     8 |       |       ||     8
       Short sword       |       |    34 |       ||    34
       Trident           |       |    67 |    83 ||   150
 Cast: Sandblast         |    23 |    28 |     9 ||    60
Evoke: Wand              |       |       |     4 ||     4
  Use: Scroll            |       |     7 |     4 ||    11
 Stab: Sleeping          |     4 |     4 |       ||     8
  Eat: Chunk             |     3 |     6 |     4 ||    13
Armor: Robe              |    50 |    44 |    24 ||   118
Dodge: Dodged            |   130 |    76 |    55 ||   261
Block: Other             |    36 |    32 |    23 ||    91
       Reflection        |       |     3 |       ||     3

Table legend:
 A = Non-vault XP
 B = Vault XP
 C = Vault XP percentage of total XP
 D = Non-vault monster count
 E = Vault monster count
 F = Vault count percentage of total count
                 A         B        C        D         E       F
            +---------+---------+-------+---------+---------+-------
      Total |    1155 |     210 |  15.4 |     104 |       5 |   4.6
            +---------+---------+-------+---------+---------+-------
        D:1 |      47 |       0 |   0.0 |      25 |       0 |   0.0
        D:2 |      70 |       3 |   4.1 |      25 |       2 |   7.4
        D:3 |     295 |      13 |   4.2 |      28 |       1 |   3.4
        D:4 |     305 |      40 |  11.6 |      12 |       1 |   7.7
        D:5 |     438 |     154 |  26.0 |      14 |       1 |   6.7
            +---------+---------+-------+---------+---------+-------
